 Dungeon Crawl Stone Soup version 0.24.0-123-gd5b16e6ec5 (webtiles) character file.

Game seed: 17045775992477334237, levelgen mode: deterministic

58501 Sds the Warrior (level 14, -1/140 HPs)
             Began as a Minotaur Fighter on Dec 24, 2019.
             Was a High Priest of Trog.
             Engulfed by a crystal guardian's freezing vapour (35 damage)
             ... on level 1 of the Depths on Dec 25, 2019.
             The game lasted 03:51:11 (16521 turns).

Sds the Warrior (Minotaur Fighter)                 Turns: 16521, Time: 03:51:11

Health: -1/140     AC: 25    Str: 27    XL:     14   Next: 49%
Magic:  6/13       EV:  8    Int:  7    God:    Trog [*****.]
Gold:   1100       SH: 15    Dex: 18    Spells: 13/13 levels left

rFire    . . .     SeeInvis .   q - +9 rapier of Virtue {pierce, +Blink MR+ Int+2 Dex+2}
rCold    . . .     Gourm    +   c - +1 shield
rNeg     + . .     Faith    .   k - +0 plate armour
rPois    .         Spirit   .   (helmet restricted)
rElec    .         Reflect  .   l - +0 cloak
rCorr    .         Harm     .   g - +1 pair of gloves
MR       ++...                  Q - +1 pair of boots
Stlth    ..........             p - amulet of the gourmand
HPRegen  0.33/turn              o - ring of positive energy
MPRegen  0.13/turn              i - +3 ring of dexterity

@: about to teleport, berserk cooldown, slowed, very slow
A: retaliatory headbutt, horns 2, talons 1, agile 1, strong 1
a: Berserk, Trog's Hand, Brothers in Arms, Renounce Religion, Evoke Blink


You were on level 1 of the Depths.
You worshipped Trog.
Trog was extremely pleased with you.
You were full.

You visited 2 branches of the dungeon, and saw 16 of its levels.
You also visited: Sewer.

You collected 1228 gold pieces.
You spent 128 gold pieces at shops.

Inventory:

Hand Weapons
 q - the +9 rapier of Virtue (weapon) {pierce, +Blink MR+ Int+2 Dex+2}
   (You found it on level 4 of the Dungeon)

   It inflicts extra damage upon your enemies.
   It affects your intelligence (+2).
   It affects your dexterity (+2).
   It affects your resistance to hostile enchantments.
   It lets you blink.
 O - a +5 quick blade
 T - a +2 antimagic rapier
Missiles
 a - 4 silver javelins (quivered)
Armour
 c - a +1 shield (worn)
 g - a +1 pair of gloves (worn)
 k - a +0 plate armour (worn)
 l - a +0 cloak (worn)
 Q - a +1 pair of boots (worn)
Jewellery
 i - a +3 ring of dexterity (right hand)
 o - a ring of positive energy (left hand)
 p - an amulet of the gourmand (around neck)
 H - the ring "Giepooj" {+Blink rC- MR+ Str-2 Int+8}
   (You found it on level 9 of the Dungeon)

   [ring of protection from magic]

   It affects your strength (-2).
   It affects your intelligence (+8).
   It makes you vulnerable to cold.
   It affects your resistance to hostile enchantments.
   It lets you blink.
Wands
 e - a wand of flame (33)
 j - a wand of random effects (46)
 s - a wand of polymorph (6)
 u - a wand of acid (31)
 D - a wand of paralysis (30)
 G - a wand of scattershot (7)
 K - a wand of clouds (6)
 R - a wand of digging (4)
 S - a wand of iceblast (6)
Scrolls
 b - 3 scrolls of teleportation
 d - 2 scrolls of enchant weapon
 h - 13 scrolls of remove curse
 m - a scroll of amnesia
 v - 3 scrolls of immolation
 x - 2 scrolls of magic mapping
 y - 3 scrolls of fog
 F - 4 scrolls of identify
 L - a scroll of blinking
 M - 3 scrolls of holy word
 N - a scroll of enchant armour
 P - a scroll of torment
Potions
 n - 3 potions of ambrosia
 t - a potion of might
 w - a potion of haste
 z - 2 potions of lignification
 A - a potion of mutation
 B - 3 potions of flight
 C - a potion of brilliance
 E - 4 potions of agility
 I - 5 potions of degeneration
 J - 2 potions of resistance
 U - a potion of heal wounds
Miscellaneous
 r - a phial of floods
Comestibles
 f - 28 rations


   Skills:
 * Level 17.1 Fighting
 + Level 10.9 Short Blades
   Level 4.6 Axes
 * Level 17.1 Armour
 + Level 12.8 Shields


You had 13 spell levels left.
You didn't know any spells.
Your spell library contained the following spells:

 Spells                   Type           Power        Failure   Level  Hunger
 Beastly Appendage        Tmut           #.....       98%         1    ##.....
 Magic Dart               Conj           #...         98%         1    ##.....
 Summon Small Mammal      Summ           #...         98%         1    ##.....
 Call Imp                 Summ           #.......     99%         2    ###....
 Searing Ray              Conj           #.....       99%         2    ###....
 Sticks to Snakes         Tmut           #.......     99%         2    ###....
 Call Canine Familiar     Summ           #.......     100%        3    ####...
 Dazzling Spray           Conj/Hex       #.....       100%        3    ####...
 Spider Form              Tmut/Pois      #.........   100%        3    ####...
 Summon Guardian Golem    Hex/Summ       #.......     100%        3    ####...
 Force Lance              Conj/Tloc      #.......     100%        4    #####..
 Fulminant Prism          Conj/Hex       #.........   100%        4    #####..
 Ice Form                 Ice/Tmut       #.......     100%        4    #####..
 Iskenderun's Mystic Bla  Conj           #.......     100%        4    #####..
 Summon Ice Beast         Ice/Summ       #.......     100%        4    #####..
 Summon Lightning Spire   Summ/Air       #.......     100%        4    #####..
 Blade Hands              Tmut           #.........   100%        5    ######.


Dungeon Overview and Level Annotations

Branches:
Dungeon (15/15)            Temple (0/1) D:5            Lair (0/6) D:9
    Orc (0/2) D:11         Vaults (0/5) D:13         Depths (1/5) D:15
  Sewer (visited)

Altars:
Cheibriados
Fedhas
Hepliaklqana
Kikubaaqudgha
Nemelex Xobeh
Okawaru
Qazlal
Trog
Yredelemnul
Zin

Shops:
D:13 *   D:15 (

Portals:
Ziggurat: Depths:1

Annotations:
Depths:1 exclusion: orange crystal statue


Innate Abilities, Weirdness & Mutations

You reflexively headbutt those who attack you in melee.
You have a pair of horns on your head.
You have sharp toenails.
You are agile. (Dex +2)
Your muscles are strong. (Str +2)


Message History

The crystal guardian fires a crystalline bolt at you.
The crystal bolt misses you.
Your unstable footing causes you to fumble your attack.
The crystal guardian hits you but does no damage.
The orange crystal statue glitters.
You resist with some effort.
You puncture the crystal guardian!
The crystal guardian is moderately damaged.
The crystal guardian hits you but does no damage.
You hit the crystal guardian but do no damage.
You headbutt the crystal guardian.
The crystal guardian is heavily damaged.
The crystal guardian hits you but does no damage.
Your unstable footing causes you to fumble your attack.
The crystal guardian fires a crystalline bolt at you.
The crystal bolt freezes you!!!
* * * LOW HITPOINT WARNING * * *
As you read the scroll of teleportation, it crumbles to dust.
You feel strangely unstable.
You are engulfed in freezing vapours.
You die...

.###....# #.# .#..... #.# ###
..... #####.# ..## ... #.....)
...#####.# ##.....) #......†##
#...^... ...#......†.###
#.#.....
...###........####.###.#.
#≈≈≈≈≈(≈@≈≈≈≈≈..#..#...##
####### #≈#####8#####≈.........#
#.....###≈# ##8## #≈.##..#...#
##.....#.≈#.?.$...$.#≈.#...#...#
#.....#.≈#.."..$$$.#≈#....#...##
#.....##≈#(......$.#≈.....#....#
##......≈#$!....%..#≈.....###..#
#......≈#..|.8..(.#≈.......####
#......≈#.$.......#≈.......#..#


You could see an orange crystal statue and 2 crystal guardians.

Vanquished Creatures
  A tengu reaver (Depths:1)
  An orc warlord (D:8)
  A stone giant (Depths:1)
  An ettin (D:15)
  A fire dragon (Depths:1)
  Josephine (D:14)
  A great orb of eyes (Depths:1)
  A vault guard (D:13)
  8 centaur warriors
  2 hydras (D:15)
  2 ogre magi (D:15)
  12 two-headed ogres
  A tengu warrior (D:15)
  A hell knight (D:15)
  A deep elf knight (D:13)
  A fire crab (shapeshifter) (D:14)
  4 unseen horrors
  A wizard (D:13)
  2 orc knights (D:8)
  4 cyclopes
  6 ugly things
  4 deep elf magi
  5 slime creatures
  2 manticores
  3 gargoyles
  2 efreet
  A kobold demonologist (D:14)
  A tengu conjurer (D:15)
  3 trolls
  Grinder (D:4)
  Prince Ribbit (D:6)
  A raiju (shapeshifter) (D:15)
  4 hippogriffs
  Sigmund (D:6)
  A shadow (D:14)
  A water elemental (D:13)
  A spriggan (D:7)
  7 wraiths
  2 wyverns
  Eustachio (D:4)
  A vampire (D:14)
  8 vampire mosquitoes
  9 yaks
  2 hungry ghosts
  A steam dragon (D:12)
  A soldier ant (D:14)
  An acid dragon (D:12)
  17 wargs (D:8)
  Duvessa (D:4)
  A porcupine (shapeshifter) (D:11)
  15 orc warriors
  6 ice beasts
  2 black bears
  6 sky beasts
  An eye of draining (D:15)
  2 phantoms (D:9)
  16 centaurs
  6 ogres
  2 crocodiles
  A big kobold (D:9)
  Blork the orc (D:6)
  9 bullfrogs
  A wyvern zombie (D:13)
  Dowan (D:4)
  A wyvern skeleton (D:10)
  3 scorpions
  10 killer bees
  A howler monkey (D:4)
  7 electric eels
  7 crimson imps
  2 bullfrog zombies
  4 centaur zombies
  2 quasits
  7 hounds
  2 jellies
  8 orc priests
  7 iguanas
  12 orc wizards
  Crazy Yiuf (D:2)
  7 centaur skeletons
  Natasha (twice) (D:2)
  6 worker ants
  A killer bee zombie (D:8)
  A howler monkey zombie (D:11)
  A howler monkey skeleton (D:5)
  17 adders
  2 river rats (D:5)
  3 shadow imps
  A howler monkey simulacrum (D:11)
  3 oozes
  An adder zombie (D:8)
  An adder skeleton (D:4)
  4 worms
  A dart slug (D:1)
  5 leopard geckos
  73 orcs
  3 ball pythons
  9 giant cockroaches
  2 gnoll zombies (D:9)
  5 goblins
  4 hobgoblins (D:2)
  16 jackals
  7 kobolds
  6 quokkas
  8 bats
  9 frilled lizards
  2 quokka skeletons
  9 rats
489 creatures vanquished.

Vanquished Creatures (collateral kills)
  A centaur warrior (D:13)
  2 ugly things (Depths:1)
  A warg (D:8)
  A soldier ant (D:13)
  An orc priest (D:8)
  An orc (D:13)
7 creatures vanquished.

Vanquished Creatures (others)
  3 plants (D:8)
3 creatures vanquished.

Grand Total: 499 creatures vanquished

Notes
Turn   | Place    | Note
-------+----------+-------------------------------------------
     0 | D:1      | Sds the Minotaur Fighter began the quest for the Orb.
     0 | D:1      | Reached XP level 1. HP: 19/19 MP: 0/0
    51 | D:1      | Reached XP level 2. HP: 20/27 MP: 1/1
   282 | D:1      | Gained mutation: You evolve. [potion of mutation]
   282 | D:1      | Gained mutation: Your mind is acute. (Int +2) [potion of
                  | mutation]
   519 | D:1      | Reached XP level 3. HP: 25/33 MP: 2/2
   842 | D:2      | Noticed Natasha
   852 | D:2      | Killed Natasha
   856 | D:2      | Found a stormy altar of Qazlal.
   927 | D:2      | Found a stormy altar of Qazlal.
   938 | D:2      | Noticed a fire elemental
   939 | D:2      | Noticed an earth elemental
   939 | D:2      | Noticed a water elemental
   939 | D:2      | Noticed an air elemental
   963 | D:2      | You fall into a shaft and drop 1 floor!
   973 | D:3      | Reached XP level 4. HP: 41/41 MP: 3/3
  1259 | D:2      | Found a runed translucent door.
  1260 | D:2      | Noticed Crazy Yiuf
  1269 | D:2      | Killed Crazy Yiuf
  1381 | D:2      | Found a bloodstained altar of Trog.
  1389 | D:2      | Became a worshipper of Trog the Wrathful
  1540 | D:2      | Noticed Natasha
  1547 | D:2      | Killed Natasha
  1547 | D:2      | Reached XP level 5. HP: 42/47 MP: 4/4
  1920 | D:3      | Found a blossoming altar of Fedhas.
  1922 | D:3      | Found an ancient bone altar of Kikubaaqudgha.
  2417 | D:3      | Gained mutation: You possess an exceptional clarity of
                  | mind. [evolution]
  2548 | D:4      | Reached skill level 5 in Fighting
  2548 | D:4      | Reached skill level 5 in Armour
  2580 | D:4      | Noticed Grinder
  2587 | D:4      | Paralysed by Grinder for 7 turns
  2617 | D:4      | Paralysed by Grinder for 6 turns
  2624 | D:4      | Killed Grinder
  2624 | D:4      | Reached XP level 6. HP: 18/57 MP: 5/5
  2917 | D:4      | Found an iron altar of Okawaru.
  3210 | D:4      | Noticed Eustachio
  3210 | D:4      | Noticed Dowan
  3211 | D:4      | Noticed Duvessa
  3227 | D:4      | Killed Duvessa
  3227 | D:4      | Reached * piety under Trog
  3227 | D:4      | Reached skill level 5 in Shields
  3278 | D:4      | Killed Eustachio
  3278 | D:4      | Reached XP level 7. HP: 24/64 MP: 6/6
  3280 | D:4      | Killed Dowan
  3419 | D:4      | Got a faintly glowing rapier
  3428 | D:4      | Identified the +9 rapier of Virtue {pierce, +Blink MR+
                  | Int+2 Dex+2} (You found it on level 4 of the Dungeon)
  3780 | D:5      | Entered Level 5 of the Dungeon
  3812 | D:5      | Gained mutation: Your muscles are strong. (Str +2)
                  | [evolution]
  3812 | D:5      | Lost mutation: You evolve. [end of evolution]
  3841 | D:5      | Reached skill level 1 in Short Blades
  3924 | D:5      | Found a staircase to the Ecumenical Temple.
  4073 | D:5      | Reached XP level 8. HP: 73/73 MP: 7/7
  4163 | D:5      | Found a glowing drain.
  4176 | D:5      | Reached ** piety under Trog
  4274 | Sewer    | Entered a sewer
  4594 | D:6      | Noticed Blork the orc
  4599 | D:6      | Killed Blork the orc
  4688 | D:6      | Noticed Prince Ribbit
  4708 | D:6      | Killed Prince Ribbit
  5062 | D:6      | Noticed Sigmund
  5069 | D:6      | Killed Sigmund
  5069 | D:6      | Reached *** piety under Trog
  5113 | D:7      | Reached XP level 9. HP: 80/83 MP: 8/8
  5753 | D:7      | Found a sparkling altar of Nemelex Xobeh.
  5755 | D:7      | Found a hazy altar of Hepliaklqana.
  6100 | D:8      | Reached skill level 10 in Fighting
  6101 | D:8      | Reached skill level 10 in Armour
  6292 | D:8      | Noticed an orc knight
  6307 | D:8      | Killed an orc knight
  6307 | D:8      | Reached skill level 5 in Short Blades
  6307 | D:8      | Reached XP level 10. HP: 40/94 MP: 9/9
  6321 | D:8      | Noticed an orc knight
  6335 | D:8      | Killed an orc knight
  6343 | D:8      | Noticed an orc warlord
  6357 | D:8      | Killed an orc warlord
  6371 | D:8      | Reached **** piety under Trog
  6912 | D:8      | Lost mutation: Your mind is acute. (Int +2) [potion of
                  | mutation]
  6912 | D:8      | Lost mutation: Your muscles are strong. (Str +2) [potion of
                  | mutation]
  6912 | D:8      | Gained mutation: You have sharp toenails. [potion of
                  | mutation]
  6912 | D:8      | Gained mutation: Your muscles are strong. (Str +2) [potion
                  | of mutation]
  6912 | D:8      | Lost mutation: You possess an exceptional clarity of mind.
                  | [potion of mutation]
  6912 | D:8      | Gained mutation: You are agile. (Dex +2) [potion of
                  | mutation]
  7321 | D:8      | Found a snail-covered altar of Cheibriados.
  7372 | D:8      | Reached XP level 11. HP: 92/104 MP: 10/10
  7672 | D:9      | Got a pitted tin ring
  7675 | D:9      | Identified the ring "Giepooj" {+Blink rC- MR+ Str-2 Int+8}
                  | (You found it on level 9 of the Dungeon)
  7922 | D:9      | Found a staircase to the Lair.
  7947 | D:9      | Found a basalt altar of Yredelemnul.
  8112 | D:9      | Found a glowing silver altar of Zin.
  8124 | D:10     | Entered Level 10 of the Dungeon
  8300 | D:10     | Reached ***** piety under Trog
  8688 | D:11     | Noticed a purple ugly thing
  8699 | D:11     | Killed a purple ugly thing
  8998 | D:11     | Found a staircase to the Orcish Mines.
  9070 | D:11     | Identified the +7 shortbow "Otahefon" {venom, MR+}
  9085 | D:11     | Reached skill level 10 in Shields
  9279 | D:11     | Killed an unseen horror
  9734 | D:12     | Noticed a deep elf mage
  9737 | D:12     | Received a gift from Trog
  9748 | D:12     | Killed a deep elf mage
  9832 | D:12     | Reached XP level 12. HP: 115/115 MP: 11/11
 10321 | D:12     | Received a gift from Trog
 10619 | D:13     | Found Omit's General Store.
 10624 | D:13     | Bought a scroll of identify for 32 gold pieces
 10624 | D:13     | Bought a scroll of identify for 32 gold pieces
 10624 | D:13     | Bought a scroll of identify for 32 gold pieces
 10624 | D:13     | Bought a scroll of identify for 32 gold pieces
 11231 | D:13     | Noticed a two-headed ogre
 11238 | D:13     | Killed a two-headed ogre
 11751 | D:13     | Noticed a two-headed ogre
 11753 | D:13     | Noticed a centaur warrior
 11760 | D:13     | Killed a two-headed ogre
 11765 | D:13     | Killed a centaur warrior
 12237 | D:13     | Noticed a centaur warrior
 12270 | D:13     | Noticed a vault guard
 12289 | D:13     | Killed a centaur warrior
 12292 | D:13     | Killed a vault guard
 12292 | D:13     | Reached skill level 15 in Fighting
 12320 | D:13     | Found a gate to the Vaults.
 12616 | D:14     | Noticed a centaur warrior
 12623 | D:14     | Killed a centaur warrior
 12640 | D:14     | Noticed a centaur warrior
 12644 | D:14     | Reached XP level 13. HP: 115/126 MP: 12/12
 12650 | D:14     | Reached skill level 15 in Armour
 12947 | D:14     | Noticed Josephine
 12955 | D:14     | Killed Josephine
 14059 | D:15     | Entered Level 15 of the Dungeon
 14071 | D:15     | Reached skill level 10 in Short Blades
 14194 | D:15     | Noticed an ettin
 14198 | D:15     | Killed an ettin
 14233 | D:15     | Found a staircase to the Depths.
 14312 | D:15     | Found Torur's Antique Weapon Shop.
 14360 | D:15     | Received a gift from Trog
 14372 | D:15     | Reached XP level 14. HP: 103/138 MP: 13/13
 15738 | Depths:1 | Entered Level 1 of the Depths
 15738 | Depths:1 | Noticed a tengu reaver
 15738 | Depths:1 | Noticed a stone giant
 15744 | Depths:1 | Killed a stone giant
 15745 | Depths:1 | Found a gateway to a ziggurat.
 15751 | Depths:1 | Killed a tengu reaver
 15767 | Depths:1 | Paralysed by a great orb of eyes for 6 turns
 15904 | Depths:1 | HP: 2/140 [white ugly thing (24)]
 16484 | Depths:1 | Found a runed translucent door.
 16521 | Depths:1 | Engulfed by a crystal guardian's freezing vapour

Levels and vault maps discovered:
D:1:      dpeg_arrival_short_road, layout_basic
D:2:      layout_basic, nicolae_overflow_hidden_temple, marbit_many_paths,
          first_ration, corexii_item_surrounded_by_moat,
          corexii_hall_statues_deadend, minmay_misc_feat_x,
          nicolae_qazlal_style_of_elements, uniq_crazy_yiuf_cottage,
          uniq_natasha
D:3:      layout_basic, grunt_temple_overflow_growth_and_decay
D:4:      layout_basic, kennysheep_mini_moat, wad_floor_pattern_1, uniq_duvessa,
          uniq_eustachio, uniq_grinder
D:5:      layout_rooms, minmay_temple_entry_drinking_statues,
          portal_sewer_entry_b
D:6:      layout_rooms, uniq_sigmund, uniq_prince_ribbit1, uniq_blork_the_orc
D:7:      layout_basic, gammafunk_temple_overflow_pools, the_bakery
D:8:      lemuel_castle_with_subvaults [lemuel_castle_interior_carwin_2],
          layout_cave_pools, cheibrodos_worm_habitat
D:9:      layout_small_grid, lemuel_zombie_altar_yredelemnul, zin_scriptorium,
          lair_entry_dummy
D:10:     layout_rooms
D:11:     layout_loops_corners, david_orc_1_choice, minmay_checkerbox
D:12:     layout_irregular_city
D:13:     layout_basic, david_vaults_5, serial_shops, kennysheep_little_box,
          hangedman_abyss_or_decor_stagger
D:14:     layout_stronghold, chequers_serial_rivers_marsh,
          kennysheep_generic_room_6, uniq_josephine
D:15:     hangedman_depths_entry_civil_slaughter, layout_loops_corners,
          serial_shops, nicolae_shop_statue_plus, nrook_pool_corridor
Depths:1: layout_honeycomb, enter_ziggurat_a, hell_entry, grunt_decor_arrowhead,
          minmay_misc_feat_ornament, minmay_crystal_box, serial_bayou_shore_a

Skill      XL: |  1  2  3  4  5  6  7  8  9 10 11 12 13 14 |
---------------+-------------------------------------------+-----
Fighting       | 4 5 6 7 9 10 12 13 15 16 17 | 17.1
Armour         | 4 5 6 7 8 10 12 13 14 16 17 | 17.1
Axes           | 3 4 |  4.6
Shields        | 4 5 6 8 9 10 11 12 | 12.8
Short Blades   | 1 3 5 6 7 9 10 | 10.9

Action                   |  1- 3 |  4- 6 |  7- 9 | 10-12 | 13-15 || total
-------------------------+-------+-------+-------+-------+-------++-------
Melee: War axe           |    65 |   149 |     7 |       |       ||   221
       Headbutt          |     7 |    23 |    29 |   164 |   132 ||   355
       Rapier            |       |       |   215 |   575 |   358 ||  1148
Invok: Berserk           |       |       |     8 |    21 |    13 ||    42
       Brothers in Arms  |       |       |       |     4 |     2 ||     6
       Trog's Hand       |       |       |       |     2 |       ||     2
 Abil: Evoke Blink       |       |       |       |     5 |       ||     5
Evoke: Wand              |       |       |       |     8 |     4 ||    12
  Use: Scroll            |     1 |     7 |    10 |     9 |     4 ||    31
       Potion            |     1 |     3 |     2 |     5 |     1 ||    12
  Eat: Chunk             |       |     4 |    29 |    48 |    23 ||   104
       Ration            |       |     1 |     1 |     2 |       ||     4
Armor: Scale mail        |    38 |    20 |       |       |       ||    58
       Ring mail         |       |    52 |   131 |       |       ||   183
       Plate armour      |       |       |    13 |   255 |   189 ||   457
Dodge: Dodged            |    18 |    52 |    76 |    74 |    62 ||   282
Block: Shield            |    43 |    79 |   150 |   337 |   226 ||   835
